Map: Ascension to Aiur LE

Players

SortOf - Winner!

  • Race: Zerg Zerg
  • Spawn Location: 5:00

stakiimaN (stakimaN)

  • Race: Zerg Zerg
  • Spawn Location: 11:00

Event: WCS Valencia 2017

VOD

Have the link to the VOD?

Description

Time

  • Played on: July 13, 2017, 7:23 a.m.
  • Length: 13:32

All games in this series

Show
View Real Time Build Order
Export as new Build Order

SortOf Zerg - Winner!

Build Orders: Pool First, Zergling Baneling 

Get SALT Encoding   

  12  0:01  Drone  
  13  0:12  Overlord  
  13  0:16  Drone  
  14  0:30  Drone  
  14  0:31  Drone  
  16  0:36  Drone  
  17  0:44  Extractor  
  17  0:46  Drone  
  17  0:50  Spawning Pool  
  17  0:56  Drone  
  17  1:08  Drone  
  18  1:20  Hatchery  
  18  1:22  Drone  
  18  1:37  Queen, Zergling x2  
  21  1:45  Metabolic Boost  
  21  1:50  Overlord  
  22  1:54  Drone  
  22  2:05  Baneling Nest  
  22  2:06  Zergling x2  
  22  2:11  Zergling x2  
  23  2:22  Zergling x2  
  24  2:32  Hatchery  
  24  2:37  Zergling x4  
  25  2:47  Zergling x2  
  25  2:48  Zergling x4  
  28  2:54  Baneling x2  
  28  2:58  Zergling x4  
  30  3:04  Overlord  
  30  3:07  Zergling x2  
  32  3:12  Drone  
  32  3:13  Drone  
  33  3:20  Drone x2  
  33  3:23  Zergling x2  
  33  3:26  Drone  
  36  3:35  Baneling x2  
  36  3:41  Zergling x6  
  39  3:43  Drone  
  39  3:47  Zergling x4  
  42  3:51  Drone x2  
  43  3:57  Drone x2  
  43  4:02  Zergling x4  
  43  4:03  Zergling x2  
  41  4:10  Queen  
  43  4:17  Baneling x2  
  43  4:20  Queen  
  43  4:21  Baneling  
  45  4:27  Drone x2  
  45  4:28  Drone  
  45  4:30  Zergling x2  
  49  4:34  Overlord  
  49  4:36  Baneling  
  49  4:43  Drone  
  49  4:53  Overlord  
  49  4:55  Drone x2  
  49  4:57  Drone  
  49  4:58  Drone  
  52  5:03  Drone x2  
  52  5:07  Roach Warren, Overlord  
  53  5:08  Zergling x2  
  53  5:09  Zergling x2  
  53  5:10  Drone  
  56  5:21  Drone x2  
  56  5:22  Drone  
  56  5:23  Drone x3  
  56  5:25  Extractor  
  56  5:26  Extractor  
  60  5:29  Baneling x2  
  60  5:30  Lair  
  60  5:32  Overlord  
  60  5:34  Drone  
  61  5:35  Drone  
  61  5:38  Overlord  
  61  5:42  Drone  
  63  5:44  Evolution Chamber  
  63  5:45  Drone x2  
  63  5:49  Drone x2  
  65  5:55  Overlord  
  65  6:01  Roach x2  
  65  6:02  Roach x2  
  73  6:07  Roach x2  
  73  6:08  Roach  
  73  6:10  Roach  
  81  6:15  Roach x2  
  84  6:18  Overlord  
  84  6:25  Drone x3  
  87  6:26  Zerg Missile Weapons Level 1  
  87  6:29  Drone x2  
  87  6:31  Drone x3  
  91  6:36  Glial Reconstitution  
  90  6:40  Drone, Overlord  
  90  6:41  Drone  
  90  6:44  Drone x2  
  90  6:45  Overlord  
  90  6:46  Extractor  
  93  6:47  Extractor  
  93  6:48  Drone  
  93  6:49  Drone  
  93  6:54  Roach x2  
  98  7:02  Drone x3  
  98  7:04  Roach x4  
  108  7:12  Roach x4  
  115  7:18  Roach x3  
  115  7:20  Roach  
  120  7:23  Overlord  
  120  7:27  Overlord  
  120  7:33  Overseer  
  120  7:35  Overlord  
  120  7:40  Overlord  
  120  7:43  Overlord  
  120  7:46  Roach  
  120  7:47  Roach x7  
  136  7:52  Roach  
  138  7:59  Overlord  
  138  8:01  Roach x2  
  138  8:02  Roach  
  144  8:06  Hatchery  
  144  8:07  Extractor, Overlord  
  144  8:10  Ravager x4  
  146  8:21  Zerg Missile Weapons Level 2  
  146  8:22  Overlord  
  146  8:25  Roach x2  
  150  8:28  Roach  
  150  8:29  Overlord  
  150  8:30  Overlord  
  150  8:33  Roach x3  
  158  8:35  Overlord  
  158  8:39  Overlord  
  158  8:40  Roach x3  
  164  8:47  Roach x3  
  164  8:48  Roach  
  172  8:54  Roach x3  
  178  8:57  Overlord  
  178  9:02  Roach x3  
  182  9:10  Roach x4  
  188  9:24  Roach x6  
  190  9:26  Ravager  
  190  9:27  Ravager  
  190  9:29  Overseer  
  190  9:30  Pneumatized Carapace  
  192  9:38  Roach x2  
  196  9:43  Roach  
  196  9:44  Roach x5  
  186  9:48  Roach  
  162  9:53  Roach x4  
  149  10:01  Roach x2  
  149  10:05  Roach x2  
  141  10:09  Roach x4  
  147  10:16  Ravager x2  
  147  10:17  Ravager  
  147  10:18  Roach x3  
  147  10:19  Roach  
  154  10:24  Queen  
  154  10:26  Roach x2  
  154  10:28  Overlord  
  160  10:32  Unknown, Roach x2  
  164  10:37  Roach x3  
  164  10:41  Overlord  
  170  10:52  Roach x6  
  182  10:57  Unknown x2, Ravager  
  182  10:58  Ravager x2  
  182  11:01  Zerg Ground Armor Level 1  
  182  11:03  Overlord  
  185  11:09  Roach x5  
  195  11:15  Queen  
  197  11:26  Infestation Pit  
  192  11:35  Roach x4  
  194  12:00  Centrifical Hooks  
  178  12:04  Roach x17  
  182  12:13  Roach x4  
  160  12:24  Drone x2  
  160  12:25  Extractor, Roach x2  
  165  12:33  Roach x4  
  173  12:41  Ravager x6  
  173  12:42  Roach x2  
  183  12:46  Zergling x8  
  187  12:52  Roach x5  
  191  13:01  Zergling x14  
  196  13:10  Roach  
  196  13:11  Roach x2  
  196  13:12  Baneling x8  
Show
View Real Time Build Order
Export as new Build Order

stakiimaN Zerg 

Build Orders: Hatch First 

Get SALT Encoding   

  12  0:05  Drone  
  13  0:13  Overlord  
  13  0:20  Drone  
  14  0:31  Drone x2  
  16  0:37  Drone  
  17  0:52  Hatchery  
  17  0:56  Drone  
  17  0:59  Drone  
  18  1:05  Extractor  
  17  1:14  Spawning Pool  
  17  1:16  Drone  
  17  1:20  Drone  
  18  1:30  Drone  
  19  1:41  Overlord  
  19  1:53  Drone  
  20  2:00  Queen  
  22  2:03  Queen, Zergling x2  
  22  2:04  Zergling x2  
  22  2:07  Metabolic Boost  
  26  2:14  Drone  
  26  2:15  Drone  
  28  2:24  Drone  
  28  2:25  Drone  
  30  2:35  Drone  
  30  2:36  Drone  
  32  2:42  Hatchery  
  31  2:47  Zergling x2  
  31  2:51  Baneling Nest, Drone  
  33  2:56  Overlord  
  32  2:59  Drone  
  33  3:09  Zergling x2  
  33  3:10  Zergling x4  
  36  3:13  Overlord  
  36  3:19  Queen  
  39  3:20  Zergling x2  
  39  3:23  Zergling x2  
  39  3:28  Zergling x2  
  39  3:36  Zergling x8  
  39  3:41  Baneling x2  
  42  3:42  Baneling x2, Spine Crawler  
  42  3:43  Zergling x2  
  42  3:44  Zergling x2  
  42  3:47  Zergling x2  
  44  3:51  Zergling x2  
  44  3:55  Zergling x4  
  46  3:56  Zergling x2  
  46  3:59  Drone  
  46  4:01  Drone  
  47  4:06  Drone  
  46  4:10  Drone  
  46  4:13  Drone  
  46  4:16  Drone x3  
  51  4:28  Hatchery  
  51  4:30  Drone  
  51  4:34  Overlord  
  51  4:43  Drone  
  52  4:46  Overlord  
  52  4:54  Zergling x6  
  52  4:55  Zergling x10  
  59  5:00  Overlord  
  59  5:01  Overlord  
  59  5:05  Overlord  
  59  5:09  Drone  
  59  5:12  Evolution Chamber, Drone  
  59  5:13  Extractor  
  59  5:18  Overlord  
  59  5:21  Baneling x3  
  58  5:22  Zergling x2  
  58  5:25  Drone  
  58  5:27  Drone x4  
  64  5:29  Drone  
  64  5:31  Drone  
  64  5:35  Drone  
  66  5:38  Zerg Missile Weapons Level 1  
  66  5:40  Drone  
  66  5:41  Drone  
  68  5:45  Drone  
  68  5:48  Extractor  
  68  5:50  Drone  
  68  5:53  Drone  
  68  5:55  Drone x2  
  68  5:56  Drone  
  68  5:57  Drone x3  
  76  6:00  Overlord  
  76  6:04  Lair  
  76  6:16  Overlord  
  75  6:19  Drone x5  
  75  6:21  Roach Warren  
  75  6:22  Extractor  
  78  6:25  Extractor, Overlord  
  78  6:28  Drone x4  
  79  6:33  Overlord  
  79  6:35  Drone x3  
  81  6:46  Drone x5  
  86  6:48  Overlord  
  86  6:53  Overlord  
  85  6:54  Overlord  
  85  6:57  Overlord  
  85  7:01  Glial Reconstitution  
  85  7:02  Roach x4  
  85  7:04  Roach  
  97  7:08  Roach x2  
  97  7:09  Roach  
  97  7:11  Roach  
  97  7:14  Roach  
  104  7:16  Roach x2  
  104  7:18  Overlord  
  104  7:22  Roach  
  105  7:23  Roach  
  105  7:28  Overseer  
  105  7:29  Overseer, Ravager  
  108  7:30  Roach  
  108  7:31  Roach x2  
  108  7:32  Roach x2  
  108  7:33  Roach  
  108  7:34  Ravager x2  
  108  7:35  Ravager  
  108  7:36  Roach  
  125  7:39  Zerg Missile Weapons Level 2  
  125  7:43  Roach  
  127  7:45  Roach  
  127  7:46  Roach  
  127  7:48  Roach  
  127  7:50  Roach  
  132  7:54  Roach  
  132  7:55  Roach  
  132  7:56  Roach  
  136  8:01  Roach  
  136  8:02  Roach x2  
  136  8:03  Roach  
  146  8:05  Roach  
  146  8:06  Roach  
  148  8:13  Roach  
  148  8:14  Roach x3  
  148  8:15  Roach  
  148  8:17  Roach  
  160  8:20  Hatchery  
  160  8:21  Roach  
  160  8:22  Roach  
  160  8:24  Roach  
  165  8:29  Roach x2  
  165  8:31  Roach x2  
  165  8:33  Overlord x2  
  173  8:45  Overlord  
  173  8:46  Overlord x2  
  173  8:54  Roach x2  
  177  9:01  Roach  
  178  9:05  Roach x2  
  178  9:07  Roach x3  
  178  9:08  Roach x3  
  178  9:09  Overlord  
  194  9:10  Overlord  
  190  9:29  Roach  
  190  9:30  Hydralisk Den  
  190  9:33  Roach x5  
  190  9:36  Roach  
  190  9:37  Roach  
  199  9:42  Roach  
  183  9:47  Roach  
  183  9:49  Roach  
  183  9:50  Roach  
  183  9:51  Roach x7  
  181  9:54  Roach  
  181  9:56  Roach x2  
  181  9:59  Roach  
  163  10:00  Roach  
  163  10:01  Roach  
  163  10:05  Roach  
  163  10:06  Roach  
  155  10:07  Roach  
  155  10:10  Roach  
  155  10:13  Roach  
  155  10:19  Roach x3  
  161  10:23  Roach  
  161  10:24  Roach  
  161  10:25  Roach  
  161  10:27  Roach  
  169  10:29  Roach  
  169  10:34  Roach  
  169  10:35  Roach  
  175  10:38  Overlord  
  175  10:41  Overlord  
  175  10:45  Overlord  
  175  10:52  Muscular Augments  
  175  11:01  Hydralisk x5  
  175  11:03  Hydralisk  
  187  11:08  Hydralisk x2  
  187  11:09  Hydralisk  
  193  11:17  Overlord x2  
  193  11:18  Overlord  
  193  11:37  Hydralisk x3  
  199  11:46  Hydralisk  
  199  11:47  Hydralisk x4  
  189  11:50  Hydralisk  
  180  12:05  Roach x10  
  174  12:14  Roach x3  
  164  12:17  Roach  
  162  12:24  Hydralisk x2  
  162  12:29  Hydralisk  
  166  12:32  Hydralisk  
  166  12:35  Hydralisk  
  172  12:39  Hydralisk  
  172  12:42  Hydralisk  
  176  12:47  Hydralisk  
  162  13:01  Hydralisk x4  
  170  13:07  Hydralisk  
Tags
 
Add a new tag
Caveats
  • Supply blocks, unpowered buildings, or Contaminate may cause inaccurate times.
  • Supply counts are checked every 10 seconds.